 Dungeon Crawl Stone Soup version 0.30.0-19-g36f170ea60 (webtiles) character file.

Game seed: 18348790594529979406

2256 Du3lingdragon the Covered (level 9, -3/78 HPs)
             Began as a Hill Orc Cinder Acolyte on May 27, 2023.
             Was a High Priest of Ignis.
             Slain by a death yak (24 damage)
             ... on level 7 of the Dungeon.
             The game lasted 00:17:30 (5786 turns).

Du3lingdragon the Covered (Hill Orc Cinder Acolyte) Turns: 5786, Time: 00:17:30

Health: -3/78      AC: 10    Str: 23    XL:     9   Next: 37%
Magic:  11/15      EV: 10    Int: 14    God:    Ignis [*****.]
Gold:   229        SH:  5    Dex: 12    Spells: 14/16 levels left

rFire   + . .        m - +11 spear of Excruciating Pain {venom, rElec Str+2}
rCold   . . .        (no shield)
rNeg    . . .        g - +1 scale mail {rPois}
rPois   +            (no helmet)
rElec   +            (no cloak)
rCorr   .            A - +0 pair of gloves
SInv    .            (no boots)
Will    .....        l - amulet of reflection Stlth
                     D - +6 ring of dexterity
HPRegen 0.33/turn    (no ring)
MPRegen 0.14/turn

%: reflection
@: hasted, very quick
A: no striking features
a: Renounce Religion, Fiery Armour, Foxfire Swarm, Rising Flame


You were on level 7 of the Dungeon.
You worshipped Ignis.
Ignis was extremely pleased with you.
You visited 2 branches of the dungeon, and saw 9 of its levels.

You collected 229 gold pieces.

Inventory:

Hand Weapons
 m - the +11 spear of Excruciating Pain (weapon) {venom, rElec Str+2}
   (You found it on level 2 of the Dungeon)

   Str:       It affects your strength (+2).
   rElec:     It insulates you from electricity.
 G - a +0 war axe
Armour
 g - a +1 scale mail of poison resistance (worn)
 A - a +0 pair of gloves (worn)
Jewellery
 l - an amulet of reflection (around neck)
 D - a +6 ring of dexterity (left hand)
Wands
 a - a wand of mindburst (7)
 F - a wand of flame (11)
Scrolls
 b - 3 scrolls of teleportation {unknown}
 c - a scroll of blinking {unknown}
 d - 2 scrolls of identify
 i - 4 scrolls of poison
 j - 2 scrolls of fog {unknown}
 p - a scroll of noise {unknown}
 q - a scroll of immolation {unknown}
 r - 3 scrolls of magic mapping {unknown}
 v - a scroll of brand weapon {unknown}
 w - a scroll of summoning {unknown}
 x - 2 scrolls of amnesia {unknown}
 y - a scroll of vulnerability {unknown}
 B - a scroll of silence {unknown}
 C - a scroll of enchant armour {unknown}
 H - a scroll of enchant weapon {unknown}
Potions
 e - 5 potions of lignification
 f - a potion of might {unknown}
 h - 3 potions of haste
 k - 2 potions of brilliance
 n - 3 potions of mutation {unknown}
 o - 3 potions of invisibility {unknown}
 s - a potion of attraction
 t - a potion of curing {unknown}
 u - a potion of berserk rage {unknown}
 z - a potion of heal wounds {unknown}
 E - a potion of resistance {unknown}


   Skills:
 + Level 6.8 Fighting
 - Level 5.2(6.1) Axes
 - Level 4.0(5.0) Polearms
 * Level 7.8 Armour
 - Level 4.0 Spellcasting
 + Level 6.2 Fire Magic


You had 14 spell levels left.
You knew the following spells:

 Your Spells              Type           Power      Damage    Failure   Level
a - Scorch                Fire           40%        2d7       4%          2

Your spell library contained the following spells:

 Spells                   Type           Power      Damage    Failure   Level
 Freeze                   Ice            8%         1d3       41%         1
 Cigotuvi's Dreadful Rot  Necr/Pois/Air  4%         N/A       54%         2
 Frozen Ramparts          Ice            4%         1d1       78%         3
 Hailstorm                Conj/Ice       2%         3d3       78%         3
 Dispel Undead            Necr           2%         3d7       99%         4
 Ice Form                 Ice/Tmut       2%         N/A       99%         4
 Death Channel            Necr           1%         N/A       100%        6
 Simulacrum               Ice/Necr       1%         N/A       100%        6


Dungeon Overview and Level Annotations

Branches:
Dungeon (8/15)             Temple (1/1) D:6
   Lair: D:8-11

Altars:
Ashenzari
Cheibriados
Dithmenos
Fedhas
Gozag
Hepliaklqana
Kikubaaqudgha
Makhleb
Nemelex Xobeh
Okawaru
Qazlal
Ru
Sif Muna
Trog
Uskayaw
Vehumet
Wu Jian
Yredelemnul
Zin
The Shining One

Shops:
D:4 [


Message History

A hell rat comes into view.
A rat comes into view.
The hell rat roars deafeningly!
You hear a bellow!
You hear a shout!
You reach to attack!
You hit the death yak.
The death yak is poisoned.
The death yak is lightly wounded.
You reach to attack!
You barely miss the death yak.
The death yak is lightly wounded.
The rat twitches its whiskers.
The death yak gores you!! You block the river rat's attack.
You climb upwards.
There is a stone staircase leading down here.
You puncture the death yak!
The death yak looks as sick as possible!
The death yak is moderately wounded.
You block the death yak's attack.
The river rat bites you but does no damage.
You hit the death yak but do no damage.
The death yak looks as sick as possible!
The death yak is moderately wounded.
The river rat barely misses you. You block the death yak's attack.
You hit the death yak.
The death yak looks as sick as possible!
The death yak is moderately wounded.
The river rat barely misses you. The death yak gores you!!
Casting: Scorch (safe; 4% risk of failure)
Confirm with . or Enter, or press ? or * to list all spells.
Flames lash the death yak.
The death yak is heavily wounded.
The death yak's fire resistance burns away.
You block the river rat's attack. The death yak gores you!
Unknown command.
Casting: Scorch (safe; 4% risk of failure)
Confirm with . or Enter, or press ? or * to list all spells.
Flames lash the death yak but do no damage.
The river rat bites you but does no damage.
The death yak gores you!
Okay, then.
You feel yourself speed up. The river rat bites you.
* * * LOW HITPOINT WARNING * * *
The death yak gores you!!
You die...

....................#............
......##....##......#............
......########......#............
.......[.....#......#............
............##...####............
............##...#.....#########.
.................#.....#.........
########....##..r#.....#........#
.......#....##.Y@#..>).#........#
.......#.....#...#...))#...##...#
.......#.....#...#.....#...###'##
.......#.....'...#.....#..).#...#
.......#######...#.....#....#...#
......##....##...#.....#....#...#
......'......'...#.....#...##...#
......#.....######.....#...######
......#.....##[..#.....#........#


You could see a death yak (extremely poisoned, combustible) and a river rat.

Vanquished Creatures
  Grinder (D:5)
  An acid dragon (D:7)
  An ice beast (D:7)
  4 black bears
  A centaur (D:5)
  2 ogres
  2 phantoms (D:5)
  A kobold brigand (D:7)
  A bullfrog (D:7)
  3 scorpions
  3 wights (D:7)
  2 howler monkeys
  A jelly (D:4)
  2 orc priests
  4 hounds
  2 iguanas
  3 orc wizards
  12 adders
  A shadow imp (D:5)
  A white imp (D:5)
  2 worms (D:1)
  16 orcs
  4 ball pythons
  8 endoplasms
  6 giant cockroaches
  5 goblins
  6 hobgoblins
  3 jackals
  5 quokkas
  4 bats
  6 frilled lizards
  9 kobolds
  7 rats
129 creatures vanquished.

Notes
Turn   | Place    | Note
-------+----------+-------------------------------------------
     0 | D:1      | Du3lingdragon the Hill Orc Cinder Acolyte began the quest
                  | for the Orb.
     0 | D:1      | Reached XP level 1. HP: 19/19 MP: 2/2
     1 | D:1      | Found a runed translucent door.
    90 | D:1      | Reached XP level 2. HP: 12/26 MP: 3/3
    93 | D:1      | Learned a level 2 spell: Scorch
   700 | D:2      | Reached skill level 5 in Axes
   700 | D:2      | Reached skill level 1 in Armour
   700 | D:2      | Reached XP level 3. HP: 21/31 MP: 1/4
   805 | D:2      | Identified the +11 spear of Excruciating Pain {venom, rElec
                  | Str+2}
  1064 | D:2      | Reached skill level 2 in Armour
  1131 | D:2      | Reached XP level 4. HP: 37/40 MP: 5/5
  1887 | D:4      | Found Cyhothroh's Armour Boutique.
  1915 | D:4      | Noticed a scorpion
  1919 | D:4      | Killed a scorpion
  1920 | D:4      | Reached skill level 3 in Armour
  1920 | D:4      | Reached XP level 5. HP: 46/46 MP: 4/7
  1928 | D:4      | Noticed an ogre
  2133 | D:4      | Noticed a black bear
  2141 | D:4      | Killed a black bear
  2142 | D:4      | Reached XP level 6. HP: 45/53 MP: 6/9
  2162 | D:4      | Noticed a black bear
  2168 | D:4      | Killed a black bear
  2169 | D:4      | Reached skill level 4 in Armour
  2311 | D:4      | Reached XP level 7. HP: 60/60 MP: 11/11
  2738 | D:5      | Entered Level 5 of the Dungeon
  2768 | D:5      | Reached skill level 5 in Fighting
  2768 | D:5      | Reached skill level 5 in Armour
  2850 | D:5      | Reached skill level 1 in Polearms
  2954 | D:5      | Noticed Grinder
  2972 | D:5      | Paralysed by Grinder for 2 turns
  2990 | D:5      | Killed Grinder
  2991 | D:5      | Reached skill level 5 in Fire Magic
  2991 | D:5      | Reached XP level 8. HP: 30/69 MP: 8/13
  3222 | D:5      | You fall into a shaft and drop 1 floor!
  3224 | D:6      | Found a staircase to the Ecumenical Temple.
  3241 | Temple   | Entered the Ecumenical Temple
  3784 | D:5      | Reached skill level 6 in Armour
  4683 | D:6      | Found a faded altar of an unknown god.
  4683 | D:6      | Found a hazy altar of Hepliaklqana.
  4683 | D:6      | Found a faded altar of an unknown god.
  5195 | D:7      | Reached skill level 7 in Armour
  5195 | D:7      | Reached XP level 9. HP: 75/75 MP: 15/15
  5771 | D:8      | Noticed a death yak
  5786 | D:7      | Slain by a death yak

Illustrated notes

Levels and vault maps discovered:
D:1:      dpeg_arrival_caged_fury, layout_basic
D:2:      layout_loops_cross, minmay_pentomino_o4
D:3:      layout_basic
D:4:      layout_basic, serial_shops, nicolae_shop_trees
D:5:      layout_cave_pods, uniq_grinder
D:6:      layout_loops_ring, nicolae_hepliaklqana_ecumenical_no_more,
          minmay_temple_entry_waves
D:7:      layout_gridville, item_on_display_a
D:8:      layout_rooms, dpeg_lair_monsters, serial_shops, shop, uniq_pikel,
          uniq_prince_ribbit1, uniq_erica
Temple:   nicolae_temple_bog_church

Skill      XL: |  1  2  3  4  5  6  7  8  9 |
---------------+----------------------------+-----
Axes           | 5 |  5.2
Armour         | 1 2 3 4 5 7 |  7.8
Fighting       | 4 5 6 |  6.8
Spellcasting   | 2 3 4 |  4.0
Fire Magic     | 4 5 6 |  6.2
Polearms       | 1 3 4 |  4.0

Action                     |  1- 3 |  4- 6 |  7- 9 || total
---------------------------+-------+-------+-------++-------
  Melee: Hand axe          |    97 |       |       ||    97
         Spear             |    26 |    53 |   205 ||   284
         Punch             |       |       |     4 ||     4
   Cast: Scorch            |       |     2 |     6 ||     8
    Use: Scroll            |       |     4 |     2 ||     6
         Potion            |       |       |     1 ||     1
 Armour: Robe              |     1 |       |       ||     1
         Scale mail        |    52 |    25 |    56 ||   133
  Dodge: Dodged            |    59 |    16 |    51 ||   126
  Block: Other             |     7 |     8 |    25 ||    40
         Reflection        |       |       |     1 ||     1
